 Dungeon Crawl Stone Soup version 0.28.0-47-ge53b351184 (webtiles) character file.

Game seed: 8157889966135948634

174 101zpm the Digger (level 5, -2/48 HPs)
             Began as a Troll Earth Elementalist on Apr 28, 2022.
             Slain by Grinder (6 damage)
             ... on level 3 of the Dungeon.
             The game lasted 00:03:04 (1745 turns).

101zpm the Digger (Troll Earth Elementalist)        Turns: 1745, Time: 00:03:05

Health: -2/48      AC:  5    Str: 16    XL:     5   Next: 28%
Magic:  6/6        EV: 10    Int: 13    God:
Gold:   91         SH:  0    Dex: 10    Spells: 5/6 levels left

rFire   . . .      SeeInvis .     - Unarmed
rCold   . . .      Faith    .   (no shield)
rNeg    . . .      Spirit   .   b - +0 robe
rPois   .          Reflect  .   (helmet restricted)
rElec   .          Harm     .   a - +0 cloak
rCorr   .          Rampage  .   (gloves unavailable)
Will    .....                   (boots unavailable)
Stlth   ++........              (no amulet)
HPRegen 0.96/turn               (no ring)
MPRegen 0.10/turn               (no ring)

@: no status effects
A: large, unfitting armour, claws 3, regeneration 1, shaggy fur 1, tough skin 1
a: no special abilities


You were on level 3 of the Dungeon.
You visited 1 branch of the dungeon, and saw 3 of its levels.

You collected 91 gold pieces.

Inventory:

Missiles
 c - 64 stones
Armour
 a - a +0 cloak (worn)
 b - a +0 robe (worn)
Scrolls
 d - a scroll of identify {unknown}
 f - a scroll of vulnerability {unknown}
Potions
 e - a potion of haste {unknown}


   Skills:
 + Level 1.0 Fighting
 + Level 2.5 Dodging
 + Level 1.4 Stealth
 + Level 2.9 Unarmed Combat
 + Level 1.3 Spellcasting
 + Level 0.6 Transmutations
 + Level 3.2 Earth Magic


You had 5 spell levels left.
You knew the following spells:

 Your Spells              Type           Power      Damage    Failure   Level
a - Sandblast             Erth           18%        2d7       8%          1

Your spell library contained the following spells:

 Spells                   Type           Power      Damage    Failure   Level
 Passwall                 Tmut/Erth      4%         N/A       19%         2
 Beastly Appendage        Tmut           4%         N/A       22%         1
 Ensorcelled Hibernation  Hex/Ice        0%         N/A       38%         2
 Stone Arrow              Conj/Erth      10%        3d7       38%         3
 Swiftness                Air            0%         N/A       63%         3
 Petrify                  Tmut/Erth      5%         N/A       77%         4
 Alistair's Intoxication  Tmut/Pois      0%         N/A       100%        5
 Irradiate                Conj/Tmut      0%         3d13      100%        5
 Storm Form               Tmut/Air       0%         N/A       100%        7


Dungeon Overview and Level Annotations

Branches:
Dungeon (3/15)

Altars:
Nemelex Xobeh
Sif Muna

Shops:
D:1 !

Annotations:
D:3 Grinder


Innate Abilities, Weirdness & Mutations

You are too large for most types of armour.
You have claws for hands.
Your natural rate of healing is unusually fast.
You are covered in fur. (AC +1)
You have tough skin. (AC +1)


Message History

As you open the door, it creaks loudly!
You hear a shout!
Something unseen opens the door.
Grinder comes into view.
Grinder is nearby!
You claw Grinder!
Grinder is moderately wounded.
Grinder hits you.
You writhe in agony.
You barely miss Grinder.
Grinder is moderately wounded.
Grinder hits you.
You claw Grinder!
Grinder is heavily wounded.
Grinder hits you!
You scratch Grinder.
Grinder is heavily wounded.
Grinder gestures at you. You resist with significant effort.
You scratch Grinder.
Grinder is severely wounded.
Grinder hits you.
You are too injured to fight recklessly!
You are too injured to fight recklessly!
You are too injured to fight recklessly!
You are too injured to fight recklessly!
You are too injured to fight recklessly!
You are too injured to fight recklessly!
You are too injured to fight recklessly!
You are too injured to fight recklessly!
You are too injured to fight recklessly!
You claw Grinder!
Grinder is almost dead.
Grinder gestures at you. Pain shoots through your body!
* * * LOW HITPOINT WARNING * * *
You barely miss Grinder.
Grinder is almost dead.
Grinder hits you!
* * * LOW HITPOINT WARNING * * *
You writhe in agony.
You die...

#.##.#.#
#.≈≈≈≈≈≈≈≈≈......###.#
#.##.#.#
#...........########.##
#.##.#.#
###..#.#.#.............
#.##.#.#
##.#.#.###########...
#.##.#.# #.#.#.# ####
#.#..#.# #.###+###+#
#.#.##.# #.#..#.....
#.#.##.# #.#..#.....
#.#.##.# #.5@.'###+##
#[#.##.# #.#..#.+...+
#.#....# # #..#.#...#
#.###### +##'.#._.# #.#
#..#.#...# #.#
#..#.'...+ #.#
+|.'###+###+ #.#
#..#.......# #.#
#..#.......#


You could see Grinder.

Vanquished Creatures
  An orc priest (D:3)
  A gnoll (D:1)
  5 adders
  A dart slug (D:3)
  5 orcs
  10 ball pythons
  3 endoplasms
  4 giant cockroaches
  6 goblins
  10 hobgoblins
  5 jackals
  6 kobolds
  4 quokkas
  10 bats
  A frilled lizard (D:3)
  4 rats (D:1)
76 creatures vanquished.

Notes
Turn   | Place    | Note
-------+----------+-------------------------------------------
     0 | D:1      | 101zpm the Troll Earth Elementalist began the quest for the
                  | Orb.
     0 | D:1      | Reached XP level 1. HP: 16/16 MP: 1/1
    28 | D:1      | Reached XP level 2. HP: 24/24 MP: 2/2
   118 | D:2      | Reached skill level 1 in Unarmed Combat
   118 | D:2      | Reached XP level 3. HP: 22/31 MP: 4/4
   249 | D:2      | Reached skill level 3 in Earth Magic
   343 | D:2      | Reached XP level 4. HP: 40/40 MP: 5/5
   925 | D:1      | Found Zezxeade's Distillery.
  1323 | D:3      | Found a shimmering blue altar of Sif Muna.
  1350 | D:3      | Reached XP level 5. HP: 12/46 MP: 6/6
  1630 | D:3      | Reached skill level 1 in Fighting
  1721 | D:3      | Got the Tome of Changing
  1730 | D:3      | Found a sparkling altar of Nemelex Xobeh.
  1738 | D:3      | Noticed Grinder
  1745 | D:3      | Slain by Grinder

Illustrated notes

Levels and vault maps discovered:
D:1:      dpeg_arrival_lava_altar, layout_rooms, serial_shops, shop
D:2:      layout_basic, grunt_ministairs_6
D:3:      minmay_spotlight, layout_basic, mainiacjoe_overflow_brackets,
          mainiacjoe_overflow_24_doors, gammafunk_ghost_nasty_kobolds,
          chequers_serial_rivers_small_a, uniq_grinder

Skill      XL: |  1  2  3  4  5 |
---------------+----------------+-----
Dodging        | 2 |  2.5
Unarmed Combat | 1 2 |  2.9
Earth Magic    | 3 |  3.2
Fighting       | 1 |  1.0
Stealth        | |  1.4
Spellcasting   | |  1.3
Transmutations | |  0.6

Action                   |  1- 3 |  4- 6 || total
-------------------------+-------+-------++-------
Melee: Unarmed           |   117 |   142 ||   259
 Stab: Sleeping          |     1 |     4 ||     5
Armor: Robe              |    51 |    62 ||   113
Dodge: Dodged            |    50 |    59 ||   109
